PCL
SPOKANE TRAPPERS @ HOUSTON HAMMERTIME
05/29/2026
 
TOP OF THE 1ST
Spokane Trappers batting - Pitching for Houston Hammertime : LHP Martín Reyes
Pitching: LHP Martín Reyes
Batting: RHB Tomás Carranza 0-0: Called Strike
0-1: Ball
1-1: SINGLE (Line Drive, 4MD)
Batting: RHB Chris Parker 0-0: Called Strike
0-1: TRIPLE (Flyball, 8RD)
Tomás Carranza scores
Batting: RHB Ramiro Ross 0-0: Ball
1-0: Called Strike
1-1: Foul Ball, location: 2F
1-2: Foul Ball, location: 2F
1-2: Ball
2-2: Ball
3-2: Strikes out looking
Batting: LHB Héctor Rentería 0-0: Foul Ball, location: 2F
0-1: Foul Ball, location: 2F
0-2: Strikes out swinging
Batting: RHB Jeremy Carr 0-0: Called Strike
0-1: Called Strike
0-2: Ball
1-2: Foul Ball, location: 2F
1-2: Foul Ball, location: 2F
1-2: Fly out, F3 (Popup, 3L)
Top of the 1st over - 1 run(s), 2 hit(s), 0 error(s), 1 left on base; Spokane 1 - Houston 0
BOTTOM OF THE 1ST
Houston Hammertime batting - Pitching for Spokane Trappers : LHP Adrián León
Pitching: LHP Adrián León
Batting: RHB Domingo Matos 0-0: Foul Ball, location: 2F
0-1: Ball
1-1: Fly out, F9 (Flyball, 9S)
Batting: RHB Pepe González 0-0: Foul Ball, location: 2F
0-1: Ball
1-1: Ball
2-1: Ball
3-1: Base on Balls
Batting: LHB Pat Jones 0-0: Ball
1-0: Foul Ball, location: 2F
1-1: Foul Ball, location: 2F
1-2: Foul Ball, location: 2F
1-2: Foul Ball, location: 2F
1-2: Ball
2-2: Ball
3-2: Ground out 6-3 (Groundball, 6M)
Pepe González to second
Batting: RHB Mario Beltrán 0-0: Called Strike
0-1: SINGLE (Line Drive, 9S)
Pepe González to third
Runner from 3rd tries for Home, SAFE, no throw or cutoff
Batting: RHB Moo-hyun Pak 0-0: Foul Ball, location: 2F
0-1: Ball
Passed Ball!
Mario Beltrán to second
1-1: Foul Ball, location: 2F
1-2: Ground out 4-3 (Groundball, 4)
Bottom of the 1st over - 1 run(s), 1 hit(s), 0 error(s), 1 left on base; Spokane 1 - Houston 1
TOP OF THE 2ND
Spokane Trappers batting - Pitching for Houston Hammertime : LHP Martín Reyes
Batting: SHB Nick Cox 0-0: Foul Ball, location: 2F
0-1: Ball
1-1: Swinging Strike
1-2: Strikes out swinging
Batting: LHB Colin Ives 0-0: Called Strike
0-1: Foul Ball, location: 2F
0-2: Ball
Error on foul ball, E5
1-2: Foul Ball, location: 2F
1-2: Ball
2-2: Foul Ball, location: 2F
2-2: Ball
3-2: Base on Balls
Batting: RHB Clyde Kelley 0-0: Called Strike
0-1: Grounds into double play, 5-4-3 (Groundball, 56)
Top of the 2nd over - 0 run(s), 0 hit(s), 1 error(s), 0 left on base; Spokane 1 - Houston 1
BOTTOM OF THE 2ND
Houston Hammertime batting - Pitching for Spokane Trappers : LHP Adrián León
Batting: LHB Bartolo Villanueva 0-0: Called Strike
0-1: Ball
1-1: Ball
2-1: Ball
3-1: Ground out 5-3 (Groundball, 5)
Batting: RHB Alberto Chávez 0-0: SINGLE (Line Drive, 56D)
Batting: LHB Juan Cabañas 0-0: Ball
Pickoff Throw to First - Out!
1-0: DOUBLE (Line Drive, 9LS)
Batting: LHB Fernando Camacho 0-0: Called Strike
0-1: Ball
1-1: Swinging Strike
1-2: Ball
2-2: Foul Ball, location: 2F
2-2: Strikes out swinging
Bottom of the 2nd over - 0 run(s), 2 hit(s), 0 error(s), 1 left on base; Spokane 1 - Houston 1
TOP OF THE 3RD
Spokane Trappers batting - Pitching for Houston Hammertime : LHP Martín Reyes
Batting: LHB Jesús Ramírez 0-0: Called Strike
0-1: Called Strike
0-2: Foul Ball, location: 2F
0-2: Ball
1-2: Foul Ball, location: 2F
1-2: Foul Ball, location: 2F
1-2: Ground out 5-3 (Groundball, 56S)
Batting: RHB Tomás Carranza 0-0: Ball
1-0: Swinging Strike
1-1: Ball
2-1: Called Strike
2-2: Foul Ball, location: 2F
2-2: Foul Ball, location: 2F
2-2: SINGLE (Groundball, 6)
Batting: RHB Chris Parker 0-0: Ball
1-0: Foul Ball, location: 2F
1-1: Fly out, F4 (Popup, 4MD)
Batting: RHB Ramiro Ross 0-0: Called Strike
Tomás Carranza is caught stealing 2nd base
Top of the 3rd over - 0 run(s), 1 hit(s), 0 error(s), 0 left on base; Spokane 1 - Houston 1
BOTTOM OF THE 3RD
Houston Hammertime batting - Pitching for Spokane Trappers : LHP Adrián León
Batting: RHB Domingo Matos 0-0: Ball
1-0: Foul Ball, location: 2F
1-1: Foul Ball, location: 2F
1-2: Ball
2-2: SINGLE (Groundball, 6MD)
Batting: RHB Pepe González 0-0: Ball
1-0: Ball
2-0: Foul Ball, location: 2F
2-1: Called Strike
2-2: Ball
3-2: Fly out, F8 (Flyball, 8RM)
Batting: LHB Pat Jones 0-0: Foul Ball, location: 2F
0-1: Ball
1-1: Ground out 5-3 (Groundball, 5S)
Domingo Matos to second
Batting: RHB Mario Beltrán 0-0: Called Strike
0-1: Foul Ball, location: 2F
0-2: Ball
1-2: SINGLE (Line Drive, 7S)
Domingo Matos to third
Batting: RHB Moo-hyun Pak 0-0: Called Strike
0-1: Foul Ball, location: 2F
0-2: Fly out, F8 (Flyball, 8LXD)
Bottom of the 3rd over - 0 run(s), 2 hit(s), 0 error(s), 2 left on base; Spokane 1 - Houston 1
TOP OF THE 4TH
Spokane Trappers batting - Pitching for Houston Hammertime : LHP Martín Reyes
Batting: RHB Ramiro Ross 0-0: Foul Ball, location: 2F
0-1: Ball
1-1: Foul Ball, location: 2F
1-2: DOUBLE (Flyball, 89D)
Batting: LHB Héctor Rentería 0-0: Ball
1-0: Called Strike
1-1: Called Strike
1-2: SINGLE (Groundball, 4MD) (infield hit)
Ramiro Ross to third
Batting: RHB Jeremy Carr 0-0: Ball
Pickoff Throw by Catcher to First - Error! E2
Ramiro Ross scores
Héctor Rentería to second
1-0: Ball
2-0: Called Strike
2-1: Ball
3-1: Base on Balls
Batting: SHB Nick Cox 0-0: Ball
Héctor Rentería steals 3rd base
Jeremy Carr to second
1-0: Foul Ball, location: 2F
1-1: Swinging Strike
1-2: Ball
2-2: Ball
3-2: Base on Balls
Batting: LHB Colin Ives 0-0: Called Strike
0-1: DOUBLE (Line Drive, 8RD)
Héctor Rentería scores
Jeremy Carr scores
Nick Cox to third
Batting: RHB Clyde Kelley 0-0: Called Strike
0-1: Swinging Strike
0-2: Ball
1-2: SINGLE (Line Drive, 78S)
Nick Cox scores
Colin Ives to third
Pitching: RHP Jun Kawashima
Batting: LHB Jesús Ramírez 0-0: Ball
1-0: SINGLE (Groundball, 34D) (infield hit)
Colin Ives scores
Clyde Kelley to second
Batting: RHB Tomás Carranza 0-0: Grounds into double play, 1-4-3 (Groundball, 25)
Clyde Kelley to third
Batting: RHB Chris Parker 0-0: Ball
1-0: Ball
2-0: Called Strike
2-1: Called Strike
2-2: Ball
3-2: Strikes out swinging
Top of the 4th over - 5 run(s), 5 hit(s), 1 error(s), 1 left on base; Spokane 6 - Houston 1
BOTTOM OF THE 4TH
Houston Hammertime batting - Pitching for Spokane Trappers : LHP Adrián León
Batting: LHB Bartolo Villanueva 0-0: Swinging Strike
0-1: Ground out 4-3 (Groundball, 4)
Batting: RHB Alberto Chávez 0-0: Foul Ball, location: 2F
0-1: Swinging Strike
0-2: Strikes out swinging
Batting: LHB Juan Cabañas 0-0: Ball
1-0: Ball
2-0: Fly out, F7 (Flyball, 7S)
Bottom of the 4th over - 0 run(s), 0 hit(s), 0 error(s), 0 left on base; Spokane 6 - Houston 1
TOP OF THE 5TH
Spokane Trappers batting - Pitching for Houston Hammertime : RHP Jun Kawashima
Batting: RHB Ramiro Ross 0-0: Ball
1-0: Ball
2-0: Ball
3-0: Base on Balls
Batting: LHB Héctor Rentería 0-0: Ball
1-0: Called Strike
1-1: Foul Ball, location: 2F
1-2: Strikes out swinging
Batting: RHB Jeremy Carr 0-0: DOUBLE (Flyball, 8LXD)
Ramiro Ross to third
Batting: SHB Nick Cox 0-0: Swinging Strike
0-1: Ball
1-1: Foul Ball, location: 2F
1-2: Strikes out swinging
Batting: LHB Colin Ives 0-0: Called Strike
0-1: Called Strike
0-2: Ball
1-2: Strikes out looking
Top of the 5th over - 0 run(s), 1 hit(s), 0 error(s), 2 left on base; Spokane 6 - Houston 1
BOTTOM OF THE 5TH
Houston Hammertime batting - Pitching for Spokane Trappers : LHP Adrián León
Batting: LHB Fernando Camacho 0-0: Foul Ball, location: 2F
0-1: Ball
1-1: Called Strike
1-2: Ball
2-2: Ground out 4-3 (Groundball, 4)
Batting: RHB Domingo Matos 0-0: Ball
1-0: Called Strike
1-1: Called Strike
1-2: Ball
2-2: Ball
3-2: Ground out 5-3 (Groundball, 5)
Batting: RHB Pepe González 0-0: Ball
1-0: Ball
2-0: Foul Ball, location: 2F
2-1: Foul Ball, location: 2F
2-2: Ball
3-2: Base on Balls
Batting: LHB Pat Jones 0-0: Ball
1-0: Swinging Strike
1-1: Foul Ball, location: 2F
1-2: Strikes out swinging
Bottom of the 5th over - 0 run(s), 0 hit(s), 0 error(s), 1 left on base; Spokane 6 - Houston 1
TOP OF THE 6TH
Spokane Trappers batting - Pitching for Houston Hammertime : RHP Jun Kawashima
Batting: RHB Clyde Kelley 0-0: Ball
1-0: Called Strike
1-1: Ball
2-1: Foul Ball, location: 2F
2-2: Ball
3-2: Fly out, F8 (Flyball, 8LXD)
Batting: LHB Jesús Ramírez 0-0: Ball
1-0: Ball
2-0: Ball
3-0: Base on Balls
Batting: RHB Tomás Carranza 0-0: Called Strike
Jesús Ramírez is caught stealing 2nd base
0-1: Called Strike
0-2: Ground out 4-3 (Groundball, 4M)
Top of the 6th over - 0 run(s), 0 hit(s), 0 error(s), 0 left on base; Spokane 6 - Houston 1
BOTTOM OF THE 6TH
Houston Hammertime batting - Pitching for Spokane Trappers : LHP Adrián León
Pitching: RHP Ching-wei Zi
Batting: RHB Mario Beltrán 0-0: Called Strike
0-1: Ball
1-1: DOUBLE (Groundball, 5L)
Batting: RHB Moo-hyun Pak 0-0: Foul Ball, location: 2F
0-1: Ball
1-1: Ball
Wild Pitch!
Mario Beltrán to third
2-1: Ball
3-1: Base on Balls
Batting: LHB Bartolo Villanueva 0-0: Called Strike
0-1: Foul Ball, location: 2F
0-2: Foul Ball, location: 2F
0-2: Ball
1-2: Strikes out looking
Batting: RHB Alberto Chávez 0-0: Fly out, F8 (Flyball, 8LS)
Batting: LHB Juan Cabañas 0-0: Ball
1-0: SINGLE (Flyball, 7S)
Mario Beltrán scores
Moo-hyun Pak to second
Batting: LHB Fernando Camacho 0-0: Called Strike
0-1: Ball
1-1: Ground out 4-3 (Groundball, 4MS)
Bottom of the 6th over - 1 run(s), 2 hit(s), 0 error(s), 2 left on base; Spokane 6 - Houston 2
TOP OF THE 7TH
Spokane Trappers batting - Pitching for Houston Hammertime : RHP Jun Kawashima
Pitching: RHP Andrés Rivera
Batting: RHB Chris Parker 0-0: Called Strike
0-1: Foul Ball, location: 2F
0-2: Fly out, F4 (Popup, 4D)
Batting: RHB Ramiro Ross 0-0: Called Strike
0-1: Called Strike
0-2: Fly out, F5 (Line Drive, 56)
Batting: LHB Héctor Rentería 0-0: Foul Ball, location: 2F
0-1: SINGLE (Line Drive, 56)
Batting: RHB Jeremy Carr 0-0: Ball
1-0: Ball
2-0: Fielders Choice at 2nd, 5-4 (Groundball, 56)
Top of the 7th over - 0 run(s), 1 hit(s), 0 error(s), 0 left on base; Spokane 6 - Houston 2
BOTTOM OF THE 7TH
Houston Hammertime batting - Pitching for Spokane Trappers : RHP Ching-wei Zi
Batting: RHB Domingo Matos 0-0: DOUBLE (Flyball, 8RXD)
Pinch Runner at 2nd Rafael Torres:
Batting: RHB Pepe González 0-0: Called Strike
0-1: Ball
1-1: Ball
2-1: Ball
3-1: DOUBLE (Line Drive, 9LM)
Rafael Torres scores
Batting: LHB Pat Jones 0-0: Ball
1-0: Swinging Strike
1-1: Fly out, F8 (Flyball, 8LD)
Runner from 2nd tags up, SAFE at 3rd, no throw
Batting: RHB Mario Beltrán 0-0: Ball
1-0: Ball
2-0: Ground out 6-3 (Groundball, 6)
Pepe González scores
Batting: RHB Moo-hyun Pak 0-0: Foul Ball, location: 2F
0-1: Swinging Strike
0-2: SINGLE (Flyball, 89S)
Batting: LHB Bartolo Villanueva 0-0: Ball
1-0: Foul Ball, location: 2F
1-1: Swinging Strike
1-2: Foul Ball, location: 2F
1-2: Ball
2-2: SINGLE (Line Drive, 89M)
Moo-hyun Pak to second
Runner from 2nd tries for 3rd, SAFE, throw made to third
Pitching: RHP Juan Álvarez
Pinch Runner at 3rd Richard Coker:
Batting: RHB Alberto Chávez 0-0: Swinging Strike
0-1: Ground out 5-3 (Groundball, 5S)
Bottom of the 7th over - 2 run(s), 4 hit(s), 0 error(s), 2 left on base; Spokane 6 - Houston 4
TOP OF THE 8TH
Spokane Trappers batting - Pitching for Houston Hammertime : RHP Andrés Rivera
Now at 2B: Rafael Torres
Now at 3B: Richard Coker
Batting: SHB Nick Cox 0-0: Called Strike
0-1: Ball
1-1: Ball
2-1: Fly out, F7 (Flyball, 7D)
Batting: LHB Colin Ives 0-0: Swinging Strike
0-1: Foul Ball, location: 2F
0-2: DOUBLE (Flyball, 89XD)
Batting: RHB Clyde Kelley 0-0: Ground out 1-3 (Groundball, 13S)
Colin Ives to third
Batting: LHB Jesús Ramírez 0-0: Ball
1-0: Ball
2-0: Called Strike
2-1: Ground out 4-3 (Groundball, 4M)
Top of the 8th over - 0 run(s), 1 hit(s), 0 error(s), 1 left on base; Spokane 6 - Houston 4
BOTTOM OF THE 8TH
Houston Hammertime batting - Pitching for Spokane Trappers : RHP Juan Álvarez
Batting: LHB Juan Cabañas 0-0: Ball
1-0: Foul Ball, location: 2F
1-1: Called Strike
1-2: SINGLE (Groundball, 34D)
Pitching: LHP Júlio Hernández
Batting: LHB Fernando Camacho 0-0: Ball
1-0: Swinging Strike
1-1: Ball
2-1: Foul Ball, location: 2F
2-2: Ball
3-2: Fly out, F4 (Popup, 4)
Pitching: RHP José Navarro
Batting: RHB Rafael Torres 0-0: Fielders Choice at 2nd, 6-4 (Groundball, 6M)
Batting: RHB Pepe González 0-0: SINGLE (Groundball, 4MD)
Rafael Torres to second
Pitching: RHP Edgardo Martínez
Batting: LHB Pat Jones 0-0: Called Strike
0-1: Swinging Strike
0-2: Ball
1-2: Strikes out looking
Bottom of the 8th over - 0 run(s), 2 hit(s), 0 error(s), 2 left on base; Spokane 6 - Houston 4
TOP OF THE 9TH
Spokane Trappers batting - Pitching for Houston Hammertime : RHP Andrés Rivera
Batting: RHB Tomás Carranza 0-0: Fly out, F8 (Flyball, 8LM)
Batting: RHB Chris Parker 0-0: Called Strike
0-1: Swinging Strike
0-2: Ball
1-2: Foul Ball, location: 2F
1-2: Ground out U3 (Groundball, 3S)
Batting: RHB Ramiro Ross 0-0: Called Strike
0-1: Fly out, F7 (Flyball, 7M)
Top of the 9th over - 0 run(s), 0 hit(s), 0 error(s), 0 left on base; Spokane 6 - Houston 4
BOTTOM OF THE 9TH
Houston Hammertime batting - Pitching for Spokane Trappers : RHP Edgardo Martínez
Pitching: RHP César Rodríguez
Batting: RHB Mario Beltrán 0-0: Ball
1-0: Called Strike
1-1: Swinging Strike
1-2: Foul Ball, location: 2F
1-2: Ball
2-2: Foul Ball, location: 2F
2-2: Ground out 1-3 (Groundball, 13)
Batting: RHB Richard Coker 0-0: Ball
1-0: Ball
2-0: Foul Ball, location: 2F
2-1: Foul Ball, location: 2F
2-2: Ball
3-2: Ground out 6-3 (Groundball, 6)
Batting: LHB Bartolo Villanueva 0-0: Foul Ball, location: 2F
0-1: Foul Ball, location: 2F
0-2: SINGLE (Popup, 6MD)
Batting: RHB Alberto Chávez 0-0: Ball
1-0: Ball
2-0: Fly out, F6 (Popup, 5DF)
Bottom of the 9th over - 0 run(s), 1 hit(s), 0 error(s), 1 left on base; Spokane 6 - Houston 4
Monday, December 5th, 2016 - OOTP Baseball 17.12 Build 75